 Dungeon Crawl Stone Soup version 0.32-a0-132-g2d33c3cfaf (webtiles) character file.

Game seed: 15151872275406175254

9095 Psyava the Toxicologist (level 11, -3/77 HPs)
             Began as a Human Alchemist on Feb 10, 2024.
             Was a Believer of Vehumet.
             Killed by vampiric draining
             ... invoked by a vampire
              (5 damage)
             ... on level 11 of the Dungeon.
             The game lasted 01:37:39 (11771 turns).

Psyava the Toxicologist (Human Alchemist)          Turns: 11771, Time: 01:37:39

Health: -3/77      AC: 11    Str:  8    XL:     11   Next: 41%
Magic:  22/22      EV: 17    Int: 21    God:    Vehumet [**....]
Gold:   589        SH:  0    Dex: 13    Spells: 11/25 levels left

rFire   . . .        n - +4 trident (drain)
rCold   . . .        (no shield)
rNeg    . . .        M - +2 steam dragon scales
rPois   +            (no helmet)
rElec   .            I - +0 cloak
rCorr   .            (no gloves)
SInv    .            K - +2 pair of boots
Will    .....        D - amulet of magic regeneration
Stlth   ++           s - ring of poison resistance
HPRegen 0.32/turn    A - +5 ring of evasion
MPRegen 0.58/turn

%: no passive effects
@: no status effects
A: explore regen
a: Renounce Religion


You were on level 11 of the Dungeon.
You worshipped Vehumet.
Vehumet was pleased with you.
You visited 1 branch of the dungeon, and saw 11 of its levels.

You collected 589 gold pieces.

Inventory:

Hand Weapons
 n - a +4 trident of draining (weapon)
 C - a +2 rapier of flaming
Missiles
 G - 36 poisoned darts
 N - 2 curare-tipped darts
Armour
 o - a +2 robe of fire resistance
 I - a +0 cloak (worn)
 K - a +2 pair of boots (worn)
 M - +2 steam dragon scales (worn)
Magical Staves
 d - a staff of death
Jewellery
 s - a ring of poison resistance (left hand)
 u - a ring of resist corrosion
 A - a +5 ring of evasion (right hand)
 D - an amulet of magic regeneration (around neck)
Wands
 m - a wand of polymorph (20)
 B - a wand of digging (1)
 H - a wand of mindburst (9)
 O - a wand of iceblast (9)
 Q - a wand of flame (4)
Scrolls
 c - a scroll of noise
 g - a scroll of vulnerability
 h - a scroll of brand weapon {unknown}
 q - 2 scrolls of poison {unknown}
 t - 2 scrolls of teleportation
 v - 2 scrolls of fog {unknown}
 w - a scroll of blinking {unknown}
 y - a scroll of fear {unknown}
 z - a scroll of amnesia {unknown}
 F - a scroll of revelation {unknown}
 P - 2 scrolls of immolation {unknown}
Potions
 b - 2 potions of magic
 e - 2 potions of mutation
 f - 3 potions of curing
 i - 5 potions of heal wounds
 j - a potion of haste
 k - 2 potions of brilliance
 l - a potion of resistance
 p - 3 potions of attraction
 r - 2 potions of cancellation
 x - 3 potions of might
 J - a potion of berserk rage {unknown}
 L - a potion of degeneration {unknown}


   Skills:
 - Level 4.0 Fighting
 - Level 3.0 Dodging
 - Level 2.0 Stealth
 * Level 7.5 Spellcasting
 * Level 8.0 Conjurations
 - Level 4.0 Summonings
 * Level 2.0 Fire Magic
 - Level 3.1 Ice Magic
 + Level 7.7 Air Magic
 * Level 8.6 Alchemy


You had 11 spell levels left.
You knew the following spells:

 Your Spells              Type           Power      Damage    Failure   Level
a - Sting                 Conj/Alch      100%       1d9       1%          1
b - Mercury Vapours       Alch/Air       84%        N/A       1%          2
c - Mephitic Cloud        Conj/Alch/Air  42%        N/A       1%          3
d - Hailstorm             Conj/Ice       31%        3d8       2%          3
e - Magic Dart            Conj           100%       1d8       1%          1
f - Ignite Poison         Fire/Alch      30%        N/A       9%          4

Your spell library contained the following spells:

 Spells                   Type           Power      Damage    Failure   Level
 Sandblast                Erth           14%        2d6       9%          1
 Cigotuvi's Dreadful Rot  Necr/Alch/Air  60%        N/A       1%          2
 Freeze                   Ice            84%        1d9       2%          1
 Olgreb's Toxic Radiance  Alch           44%        N/A       2%          4
 Frozen Ramparts          Ice            42%        1d7       7%          3
 Summon Lightning Spire   Summ/Air       32%        N/A       8%          4
 Irradiate                Conj/Alch      21%        3d18      8%          5
 Sticky Flame             Fire/Alch      30%        2d7       9%          4
 Jinxbite                 Hex            14%        N/A       13%         2
 Sublimation of Blood     Necr           7%         N/A       13%         2
 Leda's Liquefaction      Alch/Erth      13%        N/A       14%         4
 Petrify                  Alch/Erth      26%        N/A       14%         4
 Inner Flame              Hex/Fire       12%        N/A       16%         3
 Freezing Cloud           Conj/Ice/Air   17%        6-21      17%         5
 Animate Armour           Summ/Erth      32%        N/A       36%         4
 Yara's Violent Unravell  Hex/Alch       13%        3d7       36%         5
 Eringya's Noxious Bog    Alch           22%        4d6       36%         6
 Summon Forest            Summ/Tloc      8%         N/A       71%         5
 Metabolic Englaciation   Hex/Ice        7%         N/A       77%         5
 Lee's Rapid Deconstruct  Erth           3%         3d5*      93%         5
 Enfeeble                 Hex            3%         N/A       100%        7
 Summon Hydra             Summ           12%        N/A       100%        7
 Ignition                 Fire           8%         3d5       100%        8


Dungeon Overview and Level Annotations

Branches:
Dungeon (11/15)            Temple (0/1) D:7            Lair (0/5) D:10
    Orc (0/2) D:9

Altars:
Elyvilon
Gozag
Kikubaaqudgha
Vehumet
Zin

Shops:
D:7 (

Annotations:
D:8 2 transporters, CougarLife's ghost, novice GnEE


Innate Abilities, Weirdness & Mutations

You regain HP and MP as you explore.


Message History

You miss something. You punch something. Something hits you.
Something bites you but does no damage.
You miss something. Your punch misses something.
You hear some strange, mumbled words.
Something tries to affect you, but you resist.
You miss something. Something hits you but does no damage. Something bites you.
Something draws strength from your injuries!
Something hits you but does no damage. Something barely misses you.
You miss something. Your punch misses something. Something hits you.
* * * LOW HITPOINT WARNING * * *
Something barely misses you.
You hit something.
You hear a zap.
A puff of flame appears from out of thin air!
The puff of flame hits you!
* * * LOW HITPOINT WARNING * * *
You barely miss something. Something hits you but does no damage.
Something bites you but does no damage. Something barely misses you.
Something bites you!
* * * LOW HITPOINT WARNING * * *
Something draws strength from your injuries!
You barely miss something. Something hits you but does no damage.
Something barely misses you.
You closely miss something.
You hear a zap.
A puff of flame appears from out of thin air!
The puff of flame misses you.
You hit something but do no damage.
You hear a zap.
A puff of flame appears from out of thin air!
The puff of flame hits you.
* * * LOW HITPOINT WARNING * * *
Something hits you!
* * * LOW HITPOINT WARNING * * *
Something bites you but does no damage.
You hit something but do no damage.
You hear some strange, mumbled words.
Something tries to affect you, but you resist.
You puncture something! Something draws life force from you.
You die...

...........#.....#...............
......[....#######.##############
#..................#.............
#..................#....#####....
#.........####'##..#....#...#....
#........>#.....#.^#....#...#....
#..#####..#.....#..#....#...#....
#.. #..#.....#..#....#...'....
#.....@..#....#####....
#....{#..#.............
#.....'..#.............
#.....#..#.............
##....#..#.............
#....#..#........#####
#....#..#........#...)
#....#..##########.... #....'
............


There were no monsters in sight!

Vanquished Creatures
  Erolcha (D:9)
  2 deep elf pyromancers
  A cyclops (D:10)
  Maurice (D:7)
  An unseen horror (D:11)
  Jeremiah (D:6)
  12 yaks
  3 wyverns
  Eustachio (D:5)
  A steam dragon (D:8)
  2 vampire mosquitoes
  An acid dragon (D:11)
  2 water moccasins (D:10)
  Duvessa (D:5)
  An ice beast (D:7)
  An orc warrior (D:10)
  2 black bears
  2 ogres (D:5)
  6 centaurs
  7 kobold brigands
  Blork the orc (D:4)
  6 bullfrogs
  3 scorpions
  Dowan (D:5)
  3 wights (D:8)
  A howler monkey (D:8)
  5 electric eels (D:7)
  4 bombardier beetles
  A jelly (D:8)
  6 orc priests
  2 sleepcaps
  2 hounds (D:6)
  2 iguanas (D:5)
  6 orc wizards
  7 adders
  A river rat (D:4)
  2 white imps (D:8)
  7 dart slugs
  5 ribbon worms
  20 orcs
  3 bats (D:1)
  5 endoplasms
  7 goblins
  13 hobgoblins
  9 jackals
  A quokka (D:4)
  5 ball pythons
  3 frilled lizards
  37 kobolds
  8 rats
225 creatures vanquished.

Notes
Turn   | Place    | Note
-------+----------+-------------------------------------------
     0 | D:1      | Psyava the Human Alchemist began the quest for the Orb.
     0 | D:1      | Reached XP level 1. HP: 13/13 MP: 3/3
   254 | D:1      | Reached XP level 2. HP: 18/19 MP: 0/5
   554 | D:1      | Reached XP level 3. HP: 24/24 MP: 4/6
   564 | D:1      | Learned a level 2 spell: Mercury Vapours
   568 | D:1      | Learned a level 3 spell: Mephitic Cloud
  1407 | D:2      | Reached XP level 4. HP: 25/31 MP: 4/7
  1507 | D:3      | Reached skill level 1 in Air Magic
  2172 | D:3      | You fall into a shaft and drop 3 floors!
  2221 | D:5      | Entered Level 5 of the Dungeon
  2221 | D:5      | Noticed a scorpion
  2224 | D:5      | Noticed Duvessa
  2278 | D:6      | Reached XP level 5. HP: 35/36 MP: 7/9
  2285 | D:6      | Noticed Jeremiah
  2286 | D:6      | Reached skill level 1 in Fighting
  2304 | D:6      | Reached XP level 6. HP: 31/43 MP: 0/10
  2316 | D:6      | Killed Jeremiah
  2317 | D:6      | Reached XP level 7. HP: 40/49 MP: 2/12
  2670 | D:5      | Learned a level 3 spell: Hailstorm
  2914 | D:5      | Reached skill level 1 in Ice Magic
  3148 | D:5      | Noticed Dowan
  3159 | D:5      | Killed Dowan
  3160 | D:5      | Reached skill level 5 in Alchemy
  3160 | D:5      | Reached XP level 8. HP: 56/56 MP: 6/14
  3175 | D:5      | Killed Duvessa
  5061 | D:4      | Noticed Blork the orc
  5068 | D:4      | Killed Blork the orc
  5279 | D:4      | Found a glowing silver altar of Zin.
  5398 | D:4      | Found an opulent altar of Gozag.
  5654 | D:5      | Noticed Eustachio
  5665 | D:5      | Killed Eustachio
  5970 | D:5      | Reached XP level 9. HP: 61/61 MP: 14/16
  6500 | D:6      | Reached skill level 5 in Spellcasting
  6500 | D:6      | Reached skill level 5 in Conjurations
  6953 | D:7      | Found an ancient bone altar of Kikubaaqudgha.
  7051 | D:7      | Found a radiant altar of Vehumet.
  7057 | D:7      | Became a worshipper of Vehumet
  7182 | D:7      | Reached skill level 5 in Air Magic
  7388 | D:7      | Found Zanuwn's Weapon Emporium.
  7452 | D:7      | Found a staircase to the Ecumenical Temple.
  7572 | D:7      | Noticed Maurice
  7609 | D:7      | Killed Maurice
  7610 | D:7      | Reached skill level 1 in Summonings
  8333 | D:8      | Reached XP level 10. HP: 19/61 MP: 17/19
  8548 | D:8      | Reached * piety under Vehumet
  8548 | D:8      | Offered knowledge of Magic Dart by Vehumet.
  8551 | D:8      | Learned a level 1 spell: Magic Dart
  8606 | D:8      | Found a white marble altar of Elyvilon.
  8909 | D:8      | Found a transporter.
  8911 | D:8      | Found a transporter.
  8912 | D:8      | Noticed CougarLife's ghost (novice GnEE)
  9482 | D:9      | Noticed Erolcha
  9494 | D:9      | Killed Erolcha
  9519 | D:9      | Noticed a deep elf pyromancer
  9536 | D:9      | Killed a deep elf pyromancer
  9715 | D:9      | Found a staircase to the Orcish Mines.
 10055 | D:10     | Entered Level 10 of the Dungeon
 10372 | D:10     | Found a staircase to the Lair.
 10430 | D:10     | Noticed a cyclops
 10445 | D:10     | Killed a cyclops
 10463 | D:10     | Reached XP level 11. HP: 77/77 MP: 13/21
 10476 | D:10     | Reached ** piety under Vehumet
 10476 | D:10     | Offered knowledge of Sandblast by Vehumet.
 10695 | D:10     | Learned a level 4 spell: Ignite Poison
 10986 | D:11     | Reached skill level 1 in Fire Magic
 11129 | D:11     | Noticed a deep elf pyromancer
 11155 | D:11     | Killed a deep elf pyromancer
 11769 | D:11     | HP: 1/77 [something (9)]
 11771 | D:11     | Killed from afar by a vampire

Illustrated notes

Levels and vault maps discovered:
D:1:      ldierk_walled_garden_2, layout_basic
D:2:      layout_rooms
D:3:      layout_basic, kennysheep_generic_room_14
D:4:      layout_cave_pools, pdpol_temple_overflow_zin_treasury_gozag_greed,
          mainiacjoe_sewer_entry_somewhere_in_here_1, uniq_blork_the_orc
D:5:      layout_gridville, uniq_eustachio, uniq_duvessa
D:6:      layout_basic, minmay_misc_feat_diagonals, uniq_jeremiah
D:7:      layout_gridville, mainiacjoe_overflow_big_doors,
          minmay_temple_entry_glass, serial_bayou, serial_bayou_pond_c,
          serial_bayou_pond_e, serial_bayou_pond_d, serial_bayou_shore_b,
          serial_bayou_lake_a, serial_bayou_pond_e, serial_shops,
          nicolae_shop_bloodbath_and_beyond, st_stairs_6,
          nicolae_houndstooth_variations, uniq_maurice
D:8:      layout_gridville, lemuel_doored_altar, gammafunk_ghost_smash
D:9:      layout_long_grid, orc_0_dummy, kennysheep_generic_room_3, uniq_erolcha
D:10:     layout_cave_pools, due_lair_maze_entry_diamond, enter_bailey_6,
          chequers_serial_rivers_micro_a
D:11:     layout_irregular_city, minmay_misc_feat_four_crosses

Skill      XL: |  1  2  3  4  5  6  7  8  9 10 11 |
---------------+----------------------------------+-----
Conjurations   | 2 3 4 6 7 8 |  8.0
Air Magic      | 1 2 3 4 6 7 |  7.7
Fighting       | 1 2 3 4 |  4.0
Spellcasting   | 3 4 6 7 |  7.5
Alchemy        | 4 5 6 8 |  8.6
Dodging        | 3 |  3.0
Ice Magic      | 1 3 |  3.1
Summonings     | 2 3 4 |  4.0
Fire Magic     | 2 |  2.0
Stealth        | |  2.0

Action                     |  1- 3 |  4- 6 |  7- 9 | 10-12 || total
---------------------------+-------+-------+-------+-------++-------
  Melee: Dagger            |    25 |       |       |       ||    25
         Unarmed           |     1 |       |       |       ||     1
         Short sword       |    10 |    35 |       |       ||    45
         Punch             |     1 |     3 |     4 |    10 ||    18
         Trident           |       |       |   118 |   146 ||   264
   Cast: Sting             |    73 |    38 |   220 |   190 ||   521
         Mephitic Cloud    |       |     3 |    35 |    36 ||    74
         Mercury Vapours   |       |     1 |    10 |     2 ||    13
         Magic Dart        |       |       |       |    18 ||    18
         Hailstorm         |       |       |       |     6 ||     6
    Use: Scroll            |       |       |     9 |     8 ||    17
   Stab: Confused          |       |       |    10 |     8 ||    18
 Armour: Robe              |    24 |    23 |    80 |    81 ||   208
         Steam dragon scal |       |       |       |   115 ||   115
  Dodge: Dodged            |    28 |    25 |    87 |   178 ||   318

Table legend: (Time is in decaauts)
 A = Elapsed time spent in this place.
 B = Non-inter-level travel time spent in this place.
 C = Inter-level travel time spent in this place.
 D = Time resting spent in this place.
 E = Time spent auto-exploring this place.
 F = Levels seen in this place.
 G = Mean time per level.
                   A        B        C        D        E       F      G
               +--------+--------+--------+--------+--------+-----+--------+
         Total |  11894 |  11473 |    421 |   1102 |   7742 |  11 | 1081.3 |
       Dungeon |  11894 |  11473 |    421 |   1102 |   7742 |  11 | 1081.3 |
               +--------+--------+--------+--------+--------+-----+--------+

Top non-repeatable levels by time:
     D:5: 1558 daAuts
     D:8: 1229 daAuts
     D:9: 1225 daAuts
     D:1: 1210 daAuts
     D:3: 1126 daAuts
     D:7: 1116 daAuts
     D:6: 1114 daAuts
    D:11: 1046 daAuts
     D:4: 959 daAuts
     D:2: 942 daAuts
    D:10: 365 daAuts
